 Dungeon Crawl Stone Soup version 0.29-a0-96-g93358da72b (console) character file.

Game seed: 17286204942382200157

776 CannotBeFrozen the Slasher (level 7, 0/57 HPs)
             Began as a Demigod Fighter on Jan 23, 2022.
             Succumbed to their own dark miasma
             ... on level 5 of the Dungeon on Feb 13, 2022.
             The game lasted 00:35:36 (5430 turns).

CannotBeFrozen the Slasher (Demigod Fighter)        Turns: 5430, Time: 00:35:37

Health: 0/57       AC: 10    Str: 21    XL:     7   Next: 28%
Magic:  12/13      EV: 10    Int: 14    God:
Gold:   157        SH:  4    Dex: 13    Spells: 8/10 levels left

rFire   + . .      SeeInvis .   a - +0 long sword
rCold   + . .      Faith    .   c - +0 buckler
rNeg    . . .      Spirit   .   f - +0 ring mail
rPois   +          Reflect  .   m - +2 helmet
rElec   +          Harm     .   k - +1 cloak
rCorr   +          Rampage  .   (no gloves)
Will    .....                   (no boots)
Stlth   +.........              (no amulet)
HPRegen 0.19/turn               l - ring of resist corrosion
MPRegen 0.13/turn               (no ring)

@: brilliant, lethally poisoned (0 -> -4), resistant, slowed, very slow
A: high MP 1, forlorn, divine attributes
a: no special abilities


You were on level 5 of the Dungeon.
You visited 1 branch of the dungeon, and saw 5 of its levels.

You collected 157 gold pieces.

Inventory:

Hand Weapons
 a - a +0 long sword (weapon)
 b - a +0 hunting sling
 v - a +0 vampiric dagger
 w - a +5 dagger of holy wrath
Missiles
 g - 15 boomerangs (quivered)
 n - 88 stones
 s - 72 sling bullets
Armour
 c - a +0 buckler (worn)
 f - a +0 ring mail (worn)
 k - a +1 cloak (worn)
 m - a +2 helmet (worn)
 p - a +0 scale mail
Jewellery
 l - a ring of resist corrosion (left hand)
Potions
 d - a potion of might
 e - a potion of attraction
 i - a potion of flight
 j - a potion of invisibility
 q - a potion of lignification


   Skills:
 - Level 3.1 Fighting
 + Level 5.0 Long Blades
 - Level 3.1 Armour
 - Level 3.1 Shields
 - Level 2.0 Spellcasting
 - Level 4.0 Necromancy
 - Level 2.0 Air Magic


You had 8 spell levels left.
You knew the following spells:

 Your Spells              Type           Power      Damage    Failure   Level
a - Corpse Rot            Necr/Air       28%        N/A       22%         2

Your spell library contained the following spells:

 Spells                   Type           Power      Damage    Failure   Level
 Dispel Undead            Necr           18%        3d11      67%         4
 Gell's Gravitas          Tloc           2%         N/A       83%         3
 Lesser Beckoning         Tloc           2%         N/A       83%         3
 Teleport Other           Tloc           2%         N/A       83%         3
 Tukima's Dance           Hex            2%         N/A       83%         3
 Anguish                  Hex/Necr       5%         N/A       91%         4
 Death Channel            Necr           9%         N/A       100%        6
 Enfeeble                 Hex            1%         N/A       100%        7


Dungeon Overview and Level Annotations

Branches:
Dungeon (5/15)             Temple (0/1) D:4


Innate Abilities, Weirdness & Mutations

You have an increased reservoir of magic. (+10% MP)
You shall have no god before yourself.
Your divine heritage dramatically boosts your attributes as you level up.


Message History

Unknown command.
Press: ? - help, v - describe, . - travel The floor.
Really walk into that cloud of foul pestilence?
You are engulfed in dark miasma.
You are poisoned.
You feel yourself slow down.
* * * LOW HITPOINT WARNING * * *
x2 You feel extremely sick.
HP: 21/57 (-15) ====-------- !!
* * * LOW HITPOINT WARNING * * *
You feel extremely sick.
HP: 14/57 (-7) ==---------- !
Throw: 15 boomerangs
Press: ? - help, Q - select action, (/) - cycle Shift-Dir - straight line, f/p - adder
Aim: an adder (heavily wounded, 38% to hit)
You throw a boomerang. The boomerang barely misses the adder.
* * * LOW HITPOINT WARNING * * *
You feel extremely sick.
HP: 7/57 (-7) =----------- !
It was a potion of resistance.
You feel protected.
* * * LOW HITPOINT WARNING * * *
You feel very sick. The adder bites you but does no damage.
It was a potion of brilliance.
You feel clever all of a sudden.
* * * LOW HITPOINT WARNING * * *
You feel sick. The adder barely misses you.
The adder bites you but does no damage.
HP: 3/57 (-2) ------------ You closely miss the adder.
The adder is heavily wounded.
* * * LOW HITPOINT WARNING * * *
You feel sick. The adder bites you but does no damage.
You block the adder's attack.
HP: 1/57 (-2) ------------ You hit the adder.
The adder is almost dead.
You die...

#(.# ####..# ..#..# # #.#..#
#.##.#..# ######### #.....O.#
#.......########### .#####.#.##
#.##..............#
.........####.##.##.##..#####.#
...##.(.(.).(.S@##........##.#
## #.##.#.#.##....##<.##.##.#
#. #.#.#.##.##.##..##.##.# #.
#...#.......##........# ..
##..####.(.....####.### #. #[.#
######### #.# ## ...# #.# ..##
#.# #.#


You could see an adder.

Vanquished Creatures
  Menkaure (D:4)
  A black bear (D:4)
  An ice beast (D:4)
  An ogre (D:5)
  A water moccasin skeleton (D:3)
  A hound (D:4)
  A gnoll shaman (D:4)
  A centaur skeleton (D:4)
  Ijyb (D:4)
  An iguana (D:4)
  Robin (D:4)
  An adder (D:3)
  7 gnolls
  An adder skeleton (D:2)
  5 dart slugs
  2 orcs
  4 ball pythons
  4 bats
  8 endoplasms
  6 giant cockroaches
  7 hobgoblins
  7 jackals
  5 quokkas
  14 frilled lizards
  12 goblins
  5 kobolds
  4 rats
103 creatures vanquished.

Vanquished Creatures (others)
  7 plants (D:3)
7 creatures vanquished.

Grand Total: 110 creatures vanquished

Notes
Turn   | Place    | Note
-------+----------+-------------------------------------------
     0 | D:1      | CannotBeFrozen the Demigod Fighter began the quest for the
                  | Orb.
     0 | D:1      | Reached XP level 1. HP: 18/18 MP: 3/3
   102 | D:1      | Upgraded the game from 0.28-a0-1622-gc30f734a66 to
                  | 0.29-a0-91-gdebf4667c2
   123 | D:1      | Reached skill level 2 in Long Blades
   245 | D:1      | Reached XP level 2. HP: 23/25 MP: 4/4
   566 | D:1      | You fall into a shaft and drop 1 floor!
  1187 | D:2      | Reached XP level 3. HP: 24/31 MP: 5/5
  2573 | D:3      | Reached skill level 3 in Long Blades
  2576 | D:3      | Reached XP level 4. HP: 31/38 MP: 6/6
  2616 | D:3      | Reached skill level 4 in Long Blades
  2858 | D:3      | Reached XP level 5. HP: 39/45 MP: 7/7
  3481 | D:4      | Upgraded the game from 0.29-a0-91-gdebf4667c2 to
                  | 0.29-a0-96-g93358da72b
  3561 | D:4      | Found a staircase to the Ecumenical Temple.
  3564 | D:4      | Noticed Robin
  3793 | D:4      | Killed Robin
  3810 | D:4      | Learned a level 2 spell: Corpse Rot
  3877 | D:4      | Noticed Menkaure
  3884 | D:4      | Killed Menkaure
  3885 | D:4      | Reached skill level 1 in Spellcasting
  3885 | D:4      | Reached skill level 1 in Necromancy
  3885 | D:4      | Reached skill level 1 in Air Magic
  3885 | D:4      | Reached XP level 6. HP: 33/51 MP: 7/10
  4101 | D:4      | Noticed Ijyb
  4846 | D:4      | Killed Ijyb
  5263 | D:4      | Reached XP level 7. HP: 49/57 MP: 13/13
  5328 | D:5      | Entered Level 5 of the Dungeon
  5413 | D:5      | Reached skill level 5 in Long Blades
  5429 | D:5      | HP: 1/57 [poisoned by you (dark miasma)]
  5430 | D:5      | Succumbed to their own dark miasma

Illustrated notes

Levels and vault maps discovered:
D:1:      giann_horns, layout_basic, nicolae_ecumenical_lake_church
D:2:      layout_basic, minmay_circle_x
D:3:      layout_basic, minmay_lizard_king
D:4:      layout_rooms, mainiacjoe_overflow_catwalk_spiral, temple_green,
          uniq_ijyb, uniq_robin, uniq_menkaure
D:5:      layout_loops_cross, nicolae_shop_gadgets

Skill      XL: |  1  2  3  4  5  6  7 |
---------------+----------------------+-----
Long Blades    | 2 3 4 5 |  5.0
Fighting       | 3 |  3.1
Armour         | 3 |  3.1
Shields        | 3 |  3.1
Spellcasting   | 1 2 |  2.0
Necromancy     | 1 3 4 |  4.0
Air Magic      | 1 2 |  2.0

Action                   |  1- 3 |  4- 6 |  7- 9 || total
-------------------------+-------+-------+-------++-------
Melee: Long sword        |   148 |   192 |     9 ||   349
       Dagger            |       |    20 |       ||    20
 Fire: Hunting sling     |       |     9 |     2 ||    11
Throw: Stone             |     1 |     2 |       ||     3
       Boomerang         |       |    10 |     2 ||    12
       Throwing net      |       |     1 |       ||     1
       Dart              |       |     6 |     6 ||    12
 Cast: Corpse Rot        |       |       |     1 ||     1
  Use: Scroll            |     8 |     2 |     2 ||    12
       Potion            |       |     1 |     2 ||     3
Armor: Scale mail        |    77 |   115 |       ||   192
       Ring mail         |       |       |    10 ||    10
Dodge: Dodged            |    73 |   101 |     7 ||   181
Block: Buckler           |    41 |    50 |     7 ||    98

Table legend: (Time is in decaauts)
 A = Elapsed time spent in this place.
 B = Non-inter-level travel time spent in this place.
 C = Inter-level travel time spent in this place.
 D = Time resting spent in this place.
 E = Time spent auto-exploring this place.
 F = Levels seen in this place.
 G = Mean time per level.
                   A        B        C        D        E       F      G
               +--------+--------+--------+--------+--------+-----+--------+
         Total |   5534 |   5326 |    208 |   1213 |   2185 |   5 | 1106.8 |
       Dungeon |   5534 |   5326 |    208 |   1213 |   2185 |   5 | 1106.8 |
               +--------+--------+--------+--------+--------+-----+--------+

Top non-repeatable levels by time:
     D:3: 1691 daAuts
     D:4: 1352 daAuts
     D:2: 1274 daAuts
     D:1: 1110 daAuts
     D:5: 105 daAuts
